 Dungeon Crawl Stone Soup version 0.19-a0-659-g8260ecf (webtiles) character file.

262 HAL9000 the Slasher (level 5, 0/50 HPs)
             Began as a Troll Berserker on June 15, 2016.
             Was a Believer of Trog.
             Slain by a hippogriff (4 damage)
             ... on level 3 of the Dungeon.
             The game lasted 00:03:07 (879 turns).

HAL9000 the Slasher (Troll Berserker)                Turns: 879, Time: 00:03:08

Health: 0/50       AC:  5    Str: 25    XL:     5   Next: 97%
Magic:  4/4        EV: 11    Int:  3    God:    Trog [**....]
Gold:   50         SH:  0    Dex: 10    Spells: 0 memorised, 4 levels left

rFire  x . .     SeeInvis .     a - +0 falchion
rCold  + . .     Gourm    +     b - +0 animal skin
rNeg   . . .     Faith    .     (no shield)
rPois  .         Spirit   .     (helmet restricted)
rElec  .         Dismiss  .     (no cloak)
rCorr  .         Reflect  .     (gloves unavailable)
SustAt .         Harm     +     (boots unavailable)
MR     .....                    o - amulet of harm
Stlth  +.........               (no ring)
                                e - ring of ice

@: exhausted, slowed, very slow, not resistant to hostile enchantments, very
unstealthy
A: unfitting armour, claws 3, fast metabolism 3, gourmand, regeneration 2,
shaggy fur 1, tough skin 2
a: Berserk, Trog's Hand, Burn Spellbooks, Renounce Religion


You were on level 3 of the Dungeon.
You worshipped Trog.
Trog was pleased with you.
You were not hungry.

You visited 1 branch of the dungeon, and saw 3 of its levels.

You collected 50 gold pieces.

Inventory:

Hand Weapons
 a - a +0 falchion (weapon)
Missiles
 j - 2 tomahawks (quivered)
Armour
 b - a +0 animal skin (worn)
Jewellery
 e - a ring of ice (left claw)
 o - an amulet of harm (around neck)
Scrolls
 d - 3 scrolls of identify {unknown}
 f - a scroll of amnesia {unknown}
 h - 2 scrolls of fear {unknown}
 l - a scroll of enchant weapon {unknown}
 r - a scroll of random uselessness {unknown}
Potions
 g - a potion of curing {unknown}
 i - 2 potions of heal wounds {unknown}
 k - 2 potions of brilliance {unknown}
 m - a potion of cancellation {unknown}
 n - a potion of mutation {unknown}
 p - a potion of flight {unknown}
Comestibles
 c - a bread ration
 q - a slice of pizza


   Skills:
 - Level 2.4 Fighting
 + Level 4.3 Long Blades
 + Level 4.2 Dodging


You had 4 spell levels left.
You didn't know any spells.

Dungeon Overview and Level Annotations

Branches:
Dungeon (2/15)

Altars:
Sif Muna


Innate Abilities, Weirdness & Mutations

You are too large for most types of armour.
You have claws for hands.
Your metabolism is lightning-fast.
You like to eat raw meat.
You heal very quickly.
You are covered in fur. (AC +1)
You have very tough skin. (AC +2)


Message History

The hippogriff claws you.
You hit the hippogriff but do no damage.
The hippogriff is moderately wounded.
The hippogriff bites you. The hippogriff pecks you. The hippogriff claws you.
You hit the hippogriff.
The hippogriff is heavily wounded.
The hippogriff closely misses you. The hippogriff pecks you.
* * * LOW HITPOINT WARNING * * *
The hippogriff claws you.
* * * LOW HITPOINT WARNING * * *
The hippogriff bites you.
* * * LOW HITPOINT WARNING * * *
The hippogriff pecks you.
* * * LOW HITPOINT WARNING * * *
The hippogriff claws you but does no damage.
You slash the hippogriff!
The hippogriff is severely wounded.
The hippogriff barely misses you. The hippogriff closely misses you.
The hippogriff claws you.
You die...

... #. ... %.##.# ..
..... #... #... .....
#.# #.†#### #<..##
#.#
#....#######....###.#
#.##H.....##.........
#.##@................
#.#..........<.......
###.............<....
#..(........)......
#..................
#..................
#..................
##.................
##.....##.....##.#


You could see a hippogriff.

Vanquished Creatures
  The ghost of tstbtto the Chopper, an amateur CeBe of Trog (D:3)
  An adder (D:3)
  An ooze (D:1)
  A dart slug (D:3)
  2 orcs (D:3)
  A ball python (D:3)
  4 bats
  3 giant cockroaches
  3 goblins (D:1)
  5 hobgoblins
  2 jackals (D:1)
  6 kobolds
  2 quokkas (D:3)
  2 rats (D:1)
34 creatures vanquished.

Notes
Turn   | Place    | Note
--------------------------------------------------------------
     0 | D:1      | HAL9000 the Troll Berserker began the quest for the Orb.
     0 | D:1      | Reached XP level 1. HP: 22/22 MP: 0/0
    37 | D:1      | Reached XP level 2. HP: 23/29 MP: 1/1
   323 | D:1      | Reached ** piety under Trog
   616 | D:2      | Reached XP level 3. HP: 36/36 MP: 2/2
   648 | D:2      | Found a deep blue altar of Sif Muna.
   718 | D:2      | You fall through a shaft!
   851 | D:3      | Noticed tstbtto's ghost (amateur CeBe)
   864 | D:3      | Killed tstbtto's ghost
   864 | D:3      | Reached XP level 4. HP: 43/44 MP: 3/3
   864 | D:3      | Reached XP level 5. HP: 49/50 MP: 4/4
   867 | D:3      | Noticed a hippogriff
   879 | D:3      | Slain by a hippogriff

Vault maps used:
D:1:      sevenhm_arrival_forest_fort_small_4
D:2:      overflow_temple_1_default, first_bread, minmay_misc_feat_five,
          uniq_iyjb

Skill      XL: |  1  2  3 |
---------------+----------+-----
Long Blades    | 3 4 |  4.3
Dodging        | 4 |  4.2
Fighting       | |  2.4

Action                   |  1- 3 |  4- 6 || total
-------------------------+-------+-------++-------
Melee: Falchion          |   100 |     7 ||   107
Invok: Berserk           |     1 |       ||     1
       Trog's Hand       |     1 |       ||     1
  Eat: Bread ration      |     1 |       ||     1
       Chunk             |     5 |       ||     5
Armor: Animal skin       |    56 |     5 ||    61
Dodge: Dodged            |    58 |     9 ||    67
